 Dungeon Crawl Stone Soup version 0.22.1-2-g9c5b331 (webtiles) character file.

843 WarriorsX the Chiller (level 7, 0/76 HPs)
             Began as a Black Draconian Ice Elementalist on Dec 28, 2018.
             Was a Believer of Nemelex Xobeh.
             Slain by a killer bee (3 damage)
             ... summoned by the player character
             ... on level 5 of the Dungeon.
             The game lasted 00:18:45 (4608 turns).

WarriorsX the Chiller (DrIE)                        Turns: 4608, Time: 00:18:45

Health: 0/76       AC:  6    Str: 15    XL:     7   Next: 68%
Magic:  12/14      EV: 12    Int: 18    God:    Nemelex Xobeh [**....]
Gold:   212        SH:  0    Dex: 11    Spells: 15/16 levels left

rFire    . . .     SeeInvis .     - Unarmed
rCold    . . .     Gourm    .   (no shield)
rNeg     . . .     Faith    .   (armour unavailable)
rPois    .         Spirit   .   (helmet restricted)
rElec    +         Reflect  .   (no cloak)
rCorr    .         Harm     .   (no gloves)
MR       .....                  (no boots)
Stlth    ..........             (no amulet)
HPRegen  0.22/turn              (no ring)
MPRegen  0.14/turn              (no ring)

@: berserking, lethally poisoned (0 -> -17), about to teleport, very quick
A: breathe lightning, unfitting armour, electricity resistance, cold-blooded, AC
+6
a: Breathe Lightning, Renounce Religion


You were on level 5 of the Dungeon.
You worshipped Nemelex Xobeh.
Nemelex Xobeh was pleased with you.
You were not hungry.

You visited 2 branches of the dungeon, and saw 6 of its levels.

You collected 309 gold pieces.
You spent 97 gold pieces at shops.

Inventory:

Wands
 k - a wand of acid (6)
Scrolls
 a - 3 scrolls of remove curse
 d - a scroll of teleportation
 f - a scroll of vulnerability {unknown}
 g - 2 scrolls of identify
 h - a scroll of amnesia
 l - 3 scrolls of enchant armour {unknown}
Potions
 c - a potion of might
 j - a potion of flight
Miscellaneous
 i - a plain deck of escape
 m - a plain deck of summoning {drawn: 4}
Comestibles
 b - 10 rations
 n - a chunk of flesh


   Skills:
 - Level 0.6 Fighting
 - Level 1.7 Dodging
 - Level 3.0 Stealth
 - Level 1.5 Unarmed Combat
 + Level 5.0 Spellcasting
   Level 1.0 Conjurations
 - Level 6.2 Ice Magic
 - Level 1.2 Invocations
 - Level 2.0 Evocations


You had 15 spell levels left.
You knew the following spells:

 Your Spells              Type           Power        Failure   Level  Hunger
a - Freeze                Ice            ####         1%          1    None

Your spell library contained the following spells:

 Spells                   Type           Power        Failure   Level  Hunger
 Throw Frost              Conj/Ice       ###...       4%          2    #......
 Ozocubu's Armour         Chrm/Ice       ###.....     11%         3    ##.....
 Throw Icicle             Conj/Ice       ###.....     30%         4    ####...
 Summon Ice Beast         Ice/Summ       ###.....     36%         4    ####...


Dungeon Overview and Level Annotations

Branches:
Dungeon (5/15)             Temple (1/1) D:5

Altars:
Cheibriados
Elyvilon
Fedhas
Kikubaaqudgha
Makhleb
Nemelex Xobeh
Okawaru
Trog
Vehumet
Xom
Yredelemnul
The Shining One

Shops:
D:4 [**[


Innate Abilities, Weirdness & Mutations

You can breathe wild blasts of lightning.
Your glossy black scales are hard. (AC +6)
You cannot fit into any form of body armour.
You are resistant to electric shocks. (rElec)
You are cold-blooded and may be slowed by cold attacks.


Message History

* * * LOW HITPOINT WARNING * * *
It was a potion of berserk rage.
A red film seems to cover your vision as you go berserk!
You feel yourself moving faster!
You feel mighty!
* * * LOW HITPOINT WARNING * * *
You feel sick. The killer bee completely misses you.
The killer bee stings you but does no damage. x2
The killer bee barely misses you.
You punch the orc!
You kill the orc!
* * * LOW HITPOINT WARNING * * *
You feel sick. The killer bee closely misses you. The killer bee stings you!
* * * LOW HITPOINT WARNING * * *
* * * LOW HITPOINT WARNING * * *
You feel sick.
You feel a strong urge to attack something.
* * * LOW HITPOINT WARNING * * *
You feel sick. The killer bee stings you.
You die...
Your body disappears without a glow.

#######.#.....## ###
#.........##...# #.#
#.#.#..........######.#
#...######..........# .##.##
##...####.## .##.#
#.........# .##.# #.....##..#
###.##†### ###....#..#
####...##yy@# #≈#.......#
#.....# #.#o# #.#....#.##
##.P.P.# #.o.# #≈#...##..#
#...>..###..###.# #≈#..####.#
#..P.P..........###≈#.## #.#
#..........o## ###≈#.# #.#
#.####.###.o#####.#'#.# #.#
#.####................# #.#
#............#######..#####.#


You could see 2 killer bees, 2 orc wizards and 2 orcs.

Vanquished Creatures
  A black bear (D:3)
  An ogre (D:4)
  2 centaurs (D:5)
  An orc priest (D:5)
  Terence (D:2)
  An iguana (D:5)
  2 worker ants (D:4)
  7 adders
  2 oozes
  An adder skeleton (D:4)
  2 worms (D:4)
  3 dart slugs (D:3)
  A leopard gecko (D:2)
  16 orcs
  2 ball pythons
  A giant cockroach (D:2)
  12 goblins
  4 hobgoblins
  7 jackals
  8 kobolds
  4 quokkas
  7 bats
  5 frilled lizards
  7 rats
98 creatures vanquished.

Vanquished Creatures (collateral kills)
  The ghost of Heatsaber the Magician, a novice VSIE (D:5)
  An ogre (D:5)
  A howler monkey (D:5)
  A bullfrog zombie (D:5)
  A hound skeleton (D:5)
  A worker ant zombie (D:5)
  An adder (D:5)
  2 orcs (D:5)
  A frilled lizard (D:5)
10 creatures vanquished.

Grand Total: 108 creatures vanquished

Notes
Turn   | Place    | Note
-------+----------+-------------------------------------------
     0 | D:1      | WarriorsX the Draconian Ice Elementalist began the quest
                  | for the Orb.
     0 | D:1      | Reached XP level 1. HP: 14/14 MP: 3/3
   205 | D:1      | Found a shimmering altar of Xom.
   246 | D:1      | Reached XP level 2. HP: 11/20 MP: 3/5
   986 | D:2      | Noticed Terence
   994 | D:2      | Killed Terence
   994 | D:2      | Reached skill level 1 in Unarmed Combat
   994 | D:2      | Reached skill level 4 in Ice Magic
   994 | D:2      | Reached XP level 3. HP: 6/27 MP: 0/6
  1484 | D:2      | Reached XP level 4. HP: 30/34 MP: 1/7
  1616 | D:2      | You fall through a shaft!
  1887 | D:3      | Found a sparkling altar of Nemelex Xobeh.
  2069 | D:3      | Became a worshipper of Nemelex Xobeh the Trickster
  2355 | D:3      | Found a radiant altar of Vehumet.
  2358 | D:3      | Noticed a black bear
  2373 | D:3      | Killed a black bear
  2373 | D:3      | Reached XP level 5. HP: 39/39 MP: 8/10
  2382 | D:3      | Found a basalt altar of Yredelemnul.
  2383 | D:3      | Received a gift from Nemelex Xobeh
  2655 | D:3      | Reached skill level 1 in Evocations
  2989 | D:4      | Reached * piety under Nemelex Xobeh
  3004 | D:4      | Found Porch's Assorted Antiques.
  3007 | D:4      | Bought an emerald potion for 18 gold pieces
  3007 | D:4      | Bought a scroll labeled BIEPHI DITEG for 21 gold pieces
  3007 | D:4      | Bought a scroll labeled ACAUNU QIERRA for 21 gold pieces
  3007 | D:4      | Bought 2 inky potions for 37 gold pieces
  3012 | D:4      | Found Urofu's Antique Armour Shop.
  3080 | D:4      | Reached XP level 6. HP: 36/46 MP: 9/12
  3108 | D:4      | Found Ufeg's General Store.
  3257 | D:4      | Reached skill level 5 in Ice Magic
  3516 | D:4      | Received a gift from Nemelex Xobeh
  3549 | D:4      | Found Guimm's Antique Armour Shoppe.
  3801 | D:5      | Entered Level 5 of the Dungeon
  3830 | D:5      | Your scales start taking on a glossy black colour.
  3830 | D:5      | Reached XP level 7. HP: 48/51 MP: 11/13
  3830 | D:5      | Gained mutation: You are resistant to electric shocks.
                  | (rElec) [Black Draconian growth]
  3877 | D:5      | Reached skill level 6 in Ice Magic
  4205 | D:5      | Found a staircase to the Ecumenical Temple.
  4206 | D:5      | Reached ** piety under Nemelex Xobeh
  4227 | Temple   | Entered the Ecumenical Temple
  4460 | D:5      | Reached skill level 1 in Invocations
  4515 | D:5      | Found a runed door.
  4525 | D:5      | Noticed Heatsaber's ghost (novice VSIE)
  4535 | D:5      | Killed Heatsaber's ghost
  4598 | D:5      | Reached skill level 5 in Spellcasting
  4608 | D:5      | HP: 3/76 [poisoned by a killer bee]
  4608 | D:5      | Slain by a killer bee

Skill      XL: |  1  2  3  4  5  6  7 |
---------------+----------------------+-----
Unarmed Combat | 1 |  1.5
Ice Magic      | 4 5 6 |  6.2
Spellcasting   | 3 4 5 |  5.0
Evocations     | 1 2 |  2.0
Stealth        | 3 |  3.0
Invocations    | 1 |  1.2
Fighting       | |  0.6
Dodging        | |  1.7
Conjurations   | |  1.0

Action                   |  1- 3 |  4- 6 |  7- 9 || total
-------------------------+-------+-------+-------++-------
Melee: Unarmed           |    68 |    19 |     3 ||    90
       Tailslap          |     4 |     3 |     1 ||     8
 Cast: Freeze            |    33 |    99 |    23 ||   155
 Abil: Breathe Lightning |       |       |     2 ||     2
Evoke: Wand              |       |     3 |       ||     3
       Deck              |       |     1 |     3 ||     4
  Use: Potion            |       |     7 |     1 ||     8
       Scroll            |       |     6 |     1 ||     7
 Stab: Sleeping          |     2 |       |       ||     2
  Eat: Chunk             |     2 |     7 |     4 ||    13
Armor: Skin              |    48 |    34 |     9 ||    91
Dodge: Dodged            |    72 |    47 |    16 ||   135
